 Dungeon Crawl Stone Soup version 0.29-a0-91-gdebf4667c2 (webtiles) character file.

Game seed: 13125729675922669304

14 lordive the Bolt Thrower (level 2, 0/17 HPs)
             Began as a Kobold Hunter on Feb 7, 2022.
             Slain by a quokka (4 damage)
             ... on level 1 of the Dungeon.
             The game lasted 00:00:37 (922 turns).

lordive the Bolt Thrower (Kobold Hunter)             Turns: 922, Time: 00:00:39

Health: 0/17       AC:  3    Str:  9    XL:     2   Next: 60%
Magic:  2/2        EV: 14    Int: 12    God:
Gold:   0          SH:  0    Dex: 15    Spells: 1/1 levels left

rFire   . . .      SeeInvis .   a - +1 hand crossbow
rCold   . . .      Faith    .   (no shield)
rNeg    . . .      Spirit   .   c - +0 leather armour
rPois   .          Reflect  .   (no helmet)
rElec   .          Harm     .   (no cloak)
rCorr   .          Rampage  .   (no gloves)
Will    .....                   (no boots)
Stlth   +++.......              (no amulet)
HPRegen 0.05/turn               (no ring)
MPRegen 0.08/turn               (no ring)

@: no status effects
A: small, no large weapons, nightstalker 3
a: no special abilities


You were on level 1 of the Dungeon.
You visited 1 branch of the dungeon, and saw 1 of its levels.

Inventory:

Hand Weapons
 a - a +1 hand crossbow (weapon)
 b - a +0 short sword
Missiles
 d - 18 bolts (quivered ammo)
Armour
 c - a +0 leather armour (worn)
Jewellery
 e - an amulet of the acrobat
Scrolls
 f - a scroll of noise {unknown}
 g - a scroll of teleportation {unknown}
 j - a scroll of amnesia {unknown}
Potions
 h - a potion of degeneration {unknown}
 i - a potion of might {unknown}


   Skills:
 + Level 2.3 Fighting
 + Level 0.2 Short Blades
 + Level 5.2 Crossbows
 + Level 0.3 Armour
 + Level 2.8 Dodging
 + Level 1.4 Stealth


You had one spell level left.
You didn't know any spells.
Your spell library was empty.

Dungeon Overview and Level Annotations

Branches:
Dungeon (1/15)

Altars:


Innate Abilities, Weirdness & Mutations

You are small and have problems with some larger weapons.
You are completely attuned to the shadows.


Message History

You closely miss the quokka. Your punch misses the quokka.
The quokka bites you.
You barely miss the quokka. Your punch misses the quokka. The quokka bites you.
You are too injured to fight recklessly!
You are too injured to fight recklessly!
You are too injured to fight recklessly!
You are too injured to fight recklessly!
You are too injured to fight recklessly!
You are too injured to fight recklessly!
You are too injured to fight recklessly!
You are too injured to fight recklessly!
You are too injured to fight recklessly!
You are too injured to fight recklessly!
You are too injured to fight recklessly!
You are too injured to fight recklessly!
You are too injured to fight recklessly!
You are too injured to fight recklessly!
You are too injured to fight recklessly!
You are too injured to fight recklessly!
You are too injured to fight recklessly!
You are too injured to fight recklessly!
You are too injured to fight recklessly!
You are too injured to fight recklessly!
You are too injured to fight recklessly!
You are too injured to fight recklessly!
You are too injured to fight recklessly!
a - a +1 hand crossbow (weapon)
The quokka bites you.
* * * LOW HITPOINT WARNING * * *
Fire: 20 bolts
Press: ? - help, Q - select action Shift-Dir - straight line, f - quokka
Aim: a quokka (57% to hit)
You shoot a bolt. The bolt closely misses the quokka.
The quokka misses you.
Fire: 19 bolts
Press: ? - help, Q - select action Shift-Dir - straight line, f/p - quokka
Aim: a quokka (57% to hit)
You shoot a bolt. The bolt closely misses the quokka.
The quokka bites you.
You die...

###.#####.##
>....# #.#
.# ####.#
#.# # #.#
#.# #.#
###.#### ..#
#.# ........
.. #.#
.##.#### #.
#.# ....#
#r####.#
###.#
#.@....#
###.#
#.######
.##.#### #.
........ ..
######## ###


You could see a quokka.

Vanquished Creatures
  2 endoplasms (D:1)
  3 hobgoblins (D:1)
  2 jackals (D:1)
  2 ball pythons (D:1)
  2 kobolds (D:1)
  A rat (D:1)
12 creatures vanquished.

Notes
Turn   | Place    | Note
-------+----------+-------------------------------------------
     0 | D:1      | lordive the Kobold Hunter began the quest for the Orb.
     0 | D:1      | Reached XP level 1. HP: 12/12 MP: 1/1
   288 | D:1      | Reached skill level 5 in Crossbows
   386 | D:1      | Reached XP level 2. HP: 17/17 MP: 2/2
   922 | D:1      | Slain by a quokka

Illustrated notes

Levels and vault maps discovered:
D:1:      matt_arrival_grand_opening, layout_loops_ring

Skill      XL: |  1 |
---------------+----+-----
Crossbows      | 5 |  5.2
Fighting       | |  2.3
Short Blades   | |  0.2
Armour         | |  0.3
Dodging        | |  2.8
Stealth        | |  1.4

Action                   || total
-------------------------++-------
Melee: Short sword       ||    58
       Punch             ||     2
 Fire: Hand crossbow     ||     2
 Stab: Sleeping          ||     5
Armor: Leather armour    ||     6
Dodge: Dodged            ||    45

Table legend: (Time is in decaauts)
 A = Elapsed time spent in this place.
 B = Non-inter-level travel time spent in this place.
 C = Inter-level travel time spent in this place.
 D = Time resting spent in this place.
 E = Time spent auto-exploring this place.
 F = Levels seen in this place.
 G = Mean time per level.
                   A        B        C        D        E       F      G
               +--------+--------+--------+--------+--------+-----+--------+
         Total |    926 |    926 |      0 |      0 |    818 |   1 |  926.0 |
       Dungeon |    926 |    926 |      0 |      0 |    818 |   1 |  926.0 |
               +--------+--------+--------+--------+--------+-----+--------+

Top non-repeatable levels by time:
     D:1: 926 daAuts
